Match 28443532
Unlisted

Match 28443532
End
Royal Engineer Section
Vickers Machine Gun Team
Construct Section Command Post
Infantry Section
Infantry Section
Construct Platoon Command Post
Selects Air and Sea Battlegroup
Selects Commando Section Paradrop
Unlock M3 Stuart Light Tanks
Construct Field Infirmary
Selects Commando LMG Section Paradrop
M3 Stuart Light Tank
Commando LMG Section Paradrop
M3 Stuart Light Tank
6-pounder Anti-tank Gun Team
Commando LMG Section Paradrop
M3 Stuart Light Tank
Selects Anti-tank Rocket Loiter
6-pounder Anti-tank Gun Team
M3 Stuart Light Tank
M3 Stuart Light Tank
Commando LMG Section Paradrop
STEVEBUSMILK
^3
0
0

Comments sign in to comment!

No comments posted yet!